| TOP OF THE 1ST |
|
Toledo Mud Hens batting - Pitching for Omaha Storm Chasers : RHP Ken Hall
|
|
Pitching: RHP Ken Hall
|
|
|
Batting: RHB Brady Jeleniewski
|
0-0: Ball 1-0: SOLO HOME RUN (Flyball, 7LD, EV 93.1 MPH), Distance : 342 ft
|
|
Batting: LHB Jamel Alexander
|
0-0: Called Strike 0-1: Foul Ball, location: 2F 0-2: Ball 1-2: Foul Ball, location: 2F 1-2: Fly out, F8 (Line Drive, 8RM, EV 91.2 MPH)
|
|
Batting: LHB Andy Schumacher
|
0-0: Called Strike 0-1: Ball 1-1: Called Strike 1-2: Ball 2-2: Foul Ball, location: 2F 2-2: Ball 3-2: Base on Balls
|
|
Batting: SHB Jamie Roberts
|
0-0: Called Strike 0-1: Ball 1-1: Swinging Strike 1-2: Grounds into double play, 6-4-3 (Groundball, 6, EV 102.5 MPH)
|
| Top of the 1st over - 1 run, 1 hit, 0 errors, 0 left on base; Toledo 1 - Omaha 0 |
| BOTTOM OF THE 1ST |
|
Omaha Storm Chasers batting - Pitching for Toledo Mud Hens : RHP Gordie Pierson
|
|
Pitching: RHP Gordie Pierson
|
|
|
Batting: RHB Yuichi Takata
|
0-0: Ball 1-0: Swinging Strike 1-1: Foul Ball, location: 2F 1-2: SINGLE (Line Drive, 3L, EV 96.2 MPH)
|
|
Batting: RHB Bob Najar
|
0-0: Ball 1-0: Ball 2-0: Foul Ball, location: 2F 2-1: Ball 3-1: SINGLE (Flyball, 9S, EV 83.8 MPH) Yuichi Takata to second Runner from 2nd tries for 3rd, OUT! 9-5
|
|
Batting: LHB Justin Rupert
|
0-0: Called Strike Bob Najar steals 2nd base 0-1: SINGLE (Line Drive, 9S, EV 108.8 MPH) Bob Najar to third
|
|
Batting: LHB Roman Downey
|
0-0: Ball 1-0: Grounds into double play, 4-6-3 (Groundball, 4, EV 88.8 MPH)
|
| Bottom of the 1st over - 0 runs, 3 hits, 0 errors, 1 left on base; Toledo 1 - Omaha 0 |
| TOP OF THE 2ND |
|
Toledo Mud Hens batting - Pitching for Omaha Storm Chasers : RHP Ken Hall
|
|
Batting: RHB Dave Calder
|
0-0: Ball 1-0: Ball 2-0: Ball 3-0: Base on Balls
|
|
Batting: SHB Raul Morales
|
0-0: Ball Dave Calder is caught stealing 2nd base 2-6 1-0: Ball 2-0: Swinging Strike 2-1: Swinging Strike 2-2: Strikes out looking
|
|
Batting: RHB Paul Wood
|
0-0: SINGLE (Groundball, 4D, EV 103.1 MPH)
|
|
Batting: RHB Josh Stinnett
|
0-0: Called Strike 0-1: Ball 1-1: Foul Ball, location: 2F 1-2: Foul Ball, location: 2F 1-2: Ball 2-2: Ball 3-2: Base on Balls Paul Wood to second
|
|
Batting: LHB Adam Lancaster
|
0-0: Ball 1-0: Ball 2-0: Foul Ball, location: 2F 2-1: Foul Ball, location: 2F 2-2: Strikes out swinging
|
| Top of the 2nd over - 0 runs, 1 hit, 0 errors, 2 left on base; Toledo 1 - Omaha 0 |
| BOTTOM OF THE 2ND |
|
Omaha Storm Chasers batting - Pitching for Toledo Mud Hens : RHP Gordie Pierson
|
|
Batting: RHB Mikolas Markus
|
0-0: Ball 1-0: Foul Ball, location: 2F 1-1: Called Strike 1-2: Ball 2-2: Strikes out swinging
|
|
Batting: RHB Nick Ogle
|
0-0: Ball 1-0: Foul Ball, location: 2F 1-1: Ball 2-1: Foul Ball, location: 2F 2-2: Ball 3-2: Foul Ball, location: 2F 3-2: Base on Balls
|
|
Batting: RHB Chris Cooper
|
0-0: Foul Ball, location: 2F 0-1: Foul Ball, location: 2F 0-2: Ball 1-2: Foul Ball, location: 2F 1-2: Ball 2-2: 2-RUN HOME RUN (Flyball, 78XD, EV 115.6 MPH), Distance : 457 ft
|
|
Batting: RHB Joeri Plas
|
0-0: Ball 1-0: Swinging Strike 1-1: Ball 2-1: Ball 3-1: Base on Balls
|
|
Batting: RHB Jaden Warrior
|
0-0: Called Strike 0-1: Fly out, F9 (Flyball, 9LM, EV 101.2 MPH)
|
|
Batting: RHB Yuichi Takata
|
0-0: Ball 1-0: Called Strike 1-1: Called Strike 1-2: Ball 2-2: Ball 3-2: Ground out 4-3 (Groundball, 34, EV 88.8 MPH)
|
| Bottom of the 2nd over - 2 runs, 1 hit, 0 errors, 1 left on base; Toledo 1 - Omaha 2 |
| TOP OF THE 3RD |
|
Toledo Mud Hens batting - Pitching for Omaha Storm Chasers : RHP Ken Hall
|
|
Batting: RHB Brady Jeleniewski
|
0-0: Foul Ball, location: 2F 0-1: Foul Ball, location: 2F 0-2: Ball 1-2: Ball 2-2: Ball 3-2: Base on Balls
|
|
Batting: LHB Jamel Alexander
|
0-0: Ball 1-0: Ball 2-0: Called Strike 2-1: Ball 3-1: Called Strike 3-2: Strikes out looking Brady Jeleniewski steals 2nd base Batter strikes out.
|
|
Batting: LHB Andy Schumacher
|
0-0: Called Strike 0-1: Foul Ball, location: 2F 0-2: Ball 1-2: Ball 2-2: Fly out, F9 (Flyball, 9D, EV 101.9 MPH) Runner from 2nd tags up, SAFE at 3rd, no throw by RF
|
|
Batting: SHB Jamie Roberts
|
0-0: DOUBLE (Line Drive, 9LD, EV 109.4 MPH) Brady Jeleniewski scores
|
|
Batting: RHB Dave Calder
|
0-0: Ball 1-0: Ball 2-0: Ball 3-0: Called Strike 3-1: Base on Balls
|
|
Batting: SHB Raul Morales
|
0-0: Fly out, F9 (Flyball, 9S, EV 81.2 MPH)
|
| Top of the 3rd over - 1 run, 1 hit, 0 errors, 2 left on base; Toledo 2 - Omaha 2 |
| BOTTOM OF THE 3RD |
|
Omaha Storm Chasers batting - Pitching for Toledo Mud Hens : RHP Gordie Pierson
|
|
Batting: RHB Bob Najar
|
0-0: Ball 1-0: Ball 2-0: Ball 3-0: Called Strike 3-1: Ground out 1-3 (Groundball, 13S, EV 65.0 MPH)
|
|
Batting: LHB Justin Rupert
|
0-0: Called Strike 0-1: Ground out 4-3 (Groundball, 34, EV 86.9 MPH)
|
|
Batting: LHB Roman Downey
|
0-0: Ball 1-0: Called Strike 1-1: Swinging Strike 1-2: Ball 2-2: Ball 3-2: Strikes out swinging
|
| Bottom of the 3rd over - 0 runs, 0 hits, 0 errors, 0 left on base; Toledo 2 - Omaha 2 |
| TOP OF THE 4TH |
|
Toledo Mud Hens batting - Pitching for Omaha Storm Chasers : RHP Ken Hall
|
|
Batting: RHB Paul Wood
|
0-0: Called Strike 0-1: Ball 1-1: Fly out, F9 (Flyball, 9S, EV 86.9 MPH)
|
|
Batting: RHB Josh Stinnett
|
0-0: Called Strike 0-1: Foul Ball, location: 2F 0-2: Ball 1-2: Foul Ball, location: 2F 1-2: Ball 2-2: SINGLE (Line Drive, 3D, EV 98.1 MPH)
|
|
Batting: LHB Adam Lancaster
|
0-0: Ball 1-0: Called Strike 1-1: Ball 2-1: Ball 3-1: Base on Balls Josh Stinnett to second
|
|
Batting: RHB Brady Jeleniewski
|
0-0: Foul Ball, location: 2F 0-1: Ball 1-1: Foul Ball, location: 2F 1-2: Ball 2-2: Foul Ball, location: 2F 2-2: Fly out, F9 (Flyball, 9LS, EV 77.5 MPH)
|
|
Batting: LHB Jamel Alexander
|
0-0: Ball 1-0: Ball 2-0: Ball 3-0: Called Strike 3-1: Ground out U3 (Groundball, 3, EV 89.4 MPH)
|
| Top of the 4th over - 0 runs, 1 hit, 0 errors, 2 left on base; Toledo 2 - Omaha 2 |
| BOTTOM OF THE 4TH |
|
Omaha Storm Chasers batting - Pitching for Toledo Mud Hens : RHP Gordie Pierson
|
|
Batting: RHB Mikolas Markus
|
0-0: Foul Ball, location: 2F 0-1: Ball 1-1: Ball 2-1: Foul Ball, location: 2F 2-2: Fly out, F7 (Flyball, 78S, EV 83.8 MPH)
|
|
Batting: RHB Nick Ogle
|
0-0: Ball 1-0: Swinging Strike 1-1: SINGLE (Groundball, 6MD, EV 103.1 MPH)
|
|
Batting: RHB Chris Cooper
|
0-0: Ball 1-0: Called Strike 1-1: Foul Ball, location: 2F 1-2: Ball 2-2: Ball 3-2: Foul Ball, location: 2F 3-2: Foul Ball, location: 2F 3-2: Base on Balls Nick Ogle to second
|
|
Batting: RHB Joeri Plas
|
0-0: Called Strike 0-1: Foul Ball, location: 2F 0-2: Foul Ball, location: 2F 0-2: Foul Ball, location: 2F 0-2: SINGLE (Line Drive, 34D, EV 104.4 MPH) Nick Ogle to third Chris Cooper to second Runner from 3rd tries for Home, SAFE, throw by RF to home
|
|
Batting: RHB Jaden Warrior
|
0-0: Ball 1-0: SINGLE (Groundball, 5S, EV 63.1 MPH) (infield hit) Chris Cooper to third Joeri Plas to second
|
|
Batting: RHB Yuichi Takata
|
0-0: Foul Ball, location: 2F 0-1: Ball 1-1: Grounds into double play, U6-3 (Groundball, 4M, EV 91.2 MPH)
|
| Bottom of the 4th over - 1 run, 3 hits, 0 errors, 2 left on base; Toledo 2 - Omaha 3 |
| TOP OF THE 5TH |
|
Toledo Mud Hens batting - Pitching for Omaha Storm Chasers : RHP Ken Hall
|
|
Batting: LHB Andy Schumacher
|
0-0: Ball 1-0: Foul Ball, location: 2F 1-1: Foul Ball, location: 2F 1-2: Ball 2-2: Fly out, F7 (Flyball, 78D, EV 105.6 MPH)
|
|
Batting: SHB Jamie Roberts
|
0-0: Ball 1-0: Ball 2-0: Ball 3-0: Called Strike 3-1: Foul Ball, location: 2F 3-2: Strikes out swinging
|
|
Batting: RHB Dave Calder
|
0-0: Ground out 5-3 (Groundball, 56, EV 93.1 MPH)
|
| Top of the 5th over - 0 runs, 0 hits, 0 errors, 0 left on base; Toledo 2 - Omaha 3 |
| BOTTOM OF THE 5TH |
|
Omaha Storm Chasers batting - Pitching for Toledo Mud Hens : RHP Gordie Pierson
|
|
Batting: RHB Bob Najar
|
0-0: Called Strike 0-1: Ball 1-1: Ball 2-1: Ball 3-1: Base on Balls
|
|
Batting: LHB Justin Rupert
|
0-0: Ball 1-0: Ball 2-0: Ball 3-0: Base on Balls Bob Najar to second
|
|
Batting: LHB Roman Downey
|
0-0: Ball 1-0: Ball 2-0: Ball 3-0: Called Strike 3-1: Base on Balls Bob Najar to third Justin Rupert to second
|
|
Batting: RHB Mikolas Markus
|
0-0: Swinging Strike 0-1: Ball 1-1: Called Strike 1-2: Fly out, F8 (Flyball, 8RM, EV 93.8 MPH) Runner from 3rd tags up, OUT at HOME! 8-2 Justin Rupert to third Roman Downey to second
|
|
Pitching: RHP Isma'il bin Burhan
|
|
|
Batting: RHB Nick Ogle
|
0-0: Ball 1-0: Ball 2-0: Ball 3-0: Base on Balls
|
|
Batting: RHB Chris Cooper
|
0-0: Called Strike 0-1: Called Strike 0-2: Foul Ball, location: 2F 0-2: Ball 1-2: Strikes out swinging
|
| Bottom of the 5th over - 0 runs, 0 hits, 0 errors, 3 left on base; Toledo 2 - Omaha 3 |
| TOP OF THE 6TH |
|
Toledo Mud Hens batting - Pitching for Omaha Storm Chasers : RHP Ken Hall
|
|
Pitching: RHP Brian Bright
|
|
|
Batting: SHB Raul Morales
|
0-0: Ball 1-0: Called Strike 1-1: Ball 2-1: Ball 3-1: Base on Balls
|
|
Batting: RHB Paul Wood
|
0-0: Ball 1-0: Reached on error, E4 (Flyball, 4MD, EV 81.2 MPH) Raul Morales to second
|
|
Batting: RHB Josh Stinnett
|
0-0: Ball 1-0: Ball 2-0: Called Strike 2-1: Foul Ball, location: 2F 2-2: Strikes out swinging
|
|
Batting: LHB Adam Lancaster
|
0-0: Called Strike Raul Morales steals 3rd base Paul Wood to second 0-1: Fly out, F5 (Popup, 56S, EV 77.5 MPH)
|
|
Batting: RHB Brady Jeleniewski
|
0-0: Called Strike 0-1: Ball 1-1: Ball 2-1: SINGLE (Flyball, 6D, EV 85.0 MPH) Raul Morales scores Paul Wood to third Runner from 3rd tries for Home, SAFE, throw by LF to home
|
|
Batting: LHB Jamel Alexander
|
0-0: Ball 1-0: SINGLE (Groundball, 6MS, EV 70.0 MPH) (infield hit) Brady Jeleniewski to second
|
|
Batting: LHB Andy Schumacher
|
0-0: Called Strike 0-1: Foul Ball, location: 2F 0-2: Ball 1-2: SINGLE (Line Drive, 89S, EV 93.1 MPH) Brady Jeleniewski to third Jamel Alexander to second Runner from 3rd tries for Home, SAFE, throw by RF to home
|
|
Batting: SHB Jamie Roberts
|
0-0: Ball 1-0: Called Strike 1-1: Foul Ball, location: 2F 1-2: Ball 2-2: Foul Ball, location: 2F 2-2: Ground out 3-1 (Groundball, 34S, EV 70.6 MPH)
|
| Top of the 6th over - 3 runs, 3 hits, 1 error, 2 left on base; Toledo 5 - Omaha 3 |
| BOTTOM OF THE 6TH |
|
Omaha Storm Chasers batting - Pitching for Toledo Mud Hens : RHP Isma'il bin Burhan
|
|
Batting: RHB Joeri Plas
|
0-0: Ball 1-0: Foul Ball, location: 2F 1-1: Ground out 5-3 (Groundball, 5S, EV 72.5 MPH)
|
|
Batting: RHB Jaden Warrior
|
0-0: Ball 1-0: Foul Ball, location: 2F 1-1: Ball 2-1: Foul Ball, location: 2F 2-2: Ball 3-2: Ground out U3 (Groundball, 23, EV 88.1 MPH)
|
|
Pinch Hitting: LHB Frank Hill
|
0-0: Swinging Strike 0-1: Fly out, F8 (Flyball, 89S, EV 96.2 MPH)
|
| Bottom of the 6th over - 0 runs, 0 hits, 0 errors, 0 left on base; Toledo 5 - Omaha 3 |
| TOP OF THE 7TH |
|
Toledo Mud Hens batting - Pitching for Omaha Storm Chasers : RHP Brian Bright
|
|
Pitching: LHP Chris Eaker
|
|
|
Now at SS: Kunimatsu Oya
|
|
|
Batting: RHB Dave Calder
|
0-0: Called Strike 0-1: Ball 1-1: Swinging Strike 1-2: Foul Ball, location: 2F 1-2: Ball 2-2: Fly out, F5 (Flyball, 56D, EV 88.8 MPH)
|
|
Batting: SHB Raul Morales
|
0-0: Ball 1-0: Called Strike 1-1: Swinging Strike 1-2: Foul Ball, location: 2F 1-2: Foul Ball, location: 2F 1-2: Fly out, F7 (Flyball, 7LD, EV 98.1 MPH)
|
|
Batting: RHB Paul Wood
|
0-0: Called Strike 0-1: Swinging Strike 0-2: Ball 1-2: Ground out 1-3 (Groundball, 13, EV 63.8 MPH)
|
| Top of the 7th over - 0 runs, 0 hits, 0 errors, 0 left on base; Toledo 5 - Omaha 3 |
| BOTTOM OF THE 7TH |
|
Omaha Storm Chasers batting - Pitching for Toledo Mud Hens : RHP Isma'il bin Burhan
|
|
Pitching: RHP Alexis Priego
|
|
|
Batting: RHB Bob Najar
|
0-0: Ground out 2-3 (Groundball, 2L, EV 71.2 MPH)
|
|
Batting: LHB Justin Rupert
|
0-0: Ball 1-0: Ball 2-0: Swinging Strike 2-1: Foul Ball, location: 2F 2-2: Strikes out looking
|
|
Batting: LHB Roman Downey
|
0-0: Ball 1-0: Ball 2-0: Ball 3-0: Called Strike 3-1: Base on Balls
|
|
Batting: RHB Mikolas Markus
|
0-0: Called Strike 0-1: Foul Ball, location: 2F 0-2: Strikes out swinging
|
| Bottom of the 7th over - 0 runs, 0 hits, 0 errors, 1 left on base; Toledo 5 - Omaha 3 |
| TOP OF THE 8TH |
|
Toledo Mud Hens batting - Pitching for Omaha Storm Chasers : LHP Chris Eaker
|
|
Batting: RHB Josh Stinnett
|
0-0: Ball 1-0: Ball 2-0: Swinging Strike 2-1: Foul Ball, location: 2F 2-2: Strikes out looking
|
|
Batting: LHB Adam Lancaster
|
0-0: Ball 1-0: Ball 2-0: Foul Ball, location: 2F 2-1: Ball 3-1: Called Strike 3-2: Strikes out swinging
|
|
Batting: RHB Brady Jeleniewski
|
0-0: Ball 1-0: Foul Ball, location: 2F 1-1: Ball 2-1: Ground out 4-3 (Groundball, 4, EV 92.5 MPH)
|
| Top of the 8th over - 0 runs, 0 hits, 0 errors, 0 left on base; Toledo 5 - Omaha 3 |
| BOTTOM OF THE 8TH |
|
Omaha Storm Chasers batting - Pitching for Toledo Mud Hens : RHP Alexis Priego
|
|
Pitching: LHP Travis Sergo
|
|
|
Batting: RHB Nick Ogle
|
0-0: Called Strike 0-1: Ball 1-1: Foul Ball, location: 2F 1-2: Ball 2-2: Ball 3-2: Base on Balls
|
|
Batting: RHB Chris Cooper
|
0-0: Called Strike 0-1: Ball 1-1: Ball 2-1: Ball 3-1: Foul Ball, location: 2F 3-2: Base on Balls Nick Ogle to second
|
|
Batting: RHB Joeri Plas
|
0-0: Bunted foul 0-1: Sac Bunt to 25 - play at first, batter OUT! 5-4 Nick Ogle to third Chris Cooper to second
|
|
Batting: RHB Jaden Warrior
|
0-0: Ball 1-0: Ball 2-0: Foul Ball, location: 2F 2-1: Swinging Strike 2-2: Ball 3-2: Base on Balls
|
|
Batting: RHB Kunimatsu Oya
|
0-0: Foul Ball, location: 2F 0-1: Ball 1-1: Foul Ball, location: 2F 1-2: Strikes out looking
|
|
Batting: RHB Bob Najar
|
0-0: Called Strike 0-1: Foul Ball, location: 2F 0-2: Ball 1-2: Ball 2-2: Ball 3-2: Base on Balls Nick Ogle scores Chris Cooper to third Jaden Warrior to second
|
|
Pitching: RHP Will Lane
|
|
|
Batting: LHB Justin Rupert
|
0-0: Called Strike 0-1: Ball 1-1: Ball 2-1: Foul Ball, location: 2F 2-2: DOUBLE (Line Drive, 7LM, EV 106.2 MPH) Chris Cooper scores Jaden Warrior scores Bob Najar to third Runner from 3rd tries for Home, SAFE, throw by LF to trailing runner, OUT at third! 7-3-5
|
| Bottom of the 8th over - 4 runs, 1 hit, 0 errors, 0 left on base; Toledo 5 - Omaha 7 |
| TOP OF THE 9TH |
|
Toledo Mud Hens batting - Pitching for Omaha Storm Chasers : LHP Chris Eaker
|
|
Pitching: RHP Gan Ts'ong
|
|
|
Now at 1B: Gary Horgan
|
|
|
Now in RF: Ruben Serrata
|
|
|
Batting: LHB Jamel Alexander
|
0-0: Called Strike 0-1: Ball 1-1: Ball 2-1: Swinging Strike 2-2: Strikes out swinging
|
|
Batting: LHB Andy Schumacher
|
0-0: Ball 1-0: Swinging Strike 1-1: Fly out, F8 (Flyball, 8RS, EV 79.4 MPH)
|
|
Batting: SHB Jamie Roberts
|
0-0: Called Strike 0-1: Swinging Strike 0-2: Ball 1-2: Ball 2-2: Ball 3-2: Foul Ball, location: 2F 3-2: Foul Ball, location: 2F 3-2: Base on Balls
|
|
Batting: RHB Dave Calder
|
0-0: Ball 1-0: Swinging Strike 1-1: Called Strike 1-2: Foul Ball, location: 2F 1-2: SINGLE (Groundball, 34D, EV 98.1 MPH) Jamie Roberts to second
|
|
Batting: SHB Raul Morales
|
0-0: Ball 1-0: Ball 2-0: Ground out 4-3 (Groundball, 34D, EV 102.5 MPH)
|
| Top of the 9th over - 0 runs, 1 hit, 0 errors, 2 left on base; Toledo 5 - Omaha 7 |
|